 Seeded DCSS version 0.29.1-15-g9cfb28693d (webtiles) character file.

Game seed: 10793854123983074938 (custom seed)

29 Psyclone the Conjurer (level 3, -1/19 HPs)
             Began as a Deep Elf Conjurer on Sept 27, 2023.
             Slain by Terence
             ... wielding a +2 falchion of holy wrath
              (5 damage)
             ... on level 2 of the Dungeon.
             The game lasted 00:01:46 (1074 turns).

Psyclone the Conjurer (Deep Elf Conjurer)           Turns: 1074, Time: 00:01:47

Health: -1/19      AC:  2    Str:  4    XL:     3   Next: 1%
Magic:  0/10       EV: 12    Int: 24    God:
Gold:   80         SH:  0    Dex: 13    Spells: 9/10 levels left

rFire   . . .      SeeInvis .   (no weapon)
rCold   . . .      Faith    .   (no shield)
rNeg    . . .      Spirit   .   a - +0 robe
rPois   .          Reflect  .   (no helmet)
rElec   .          Harm     .   (no cloak)
rCorr   .          Rampage  .   (no gloves)
Will    .....                   (no boots)
Stlth   ++........              (no amulet)
HPRegen 0.06/turn               (no ring)
MPRegen 0.12/turn               (no ring)

@: no status effects
A: no striking features
a: no special abilities


You were on level 2 of the Dungeon.
You visited 1 branch of the dungeon, and saw 2 of its levels.

You collected 80 gold pieces.

Inventory:

Armour
 a - a +0 robe (worn)
Jewellery
 c - a ring of protection from fire
 i - a +4 ring of slaying
Scrolls
 e - 3 scrolls of teleportation {unknown}
 g - a scroll of identify {unknown}
 j - a scroll of brand weapon {unknown}
Potions
 b - a potion of magic
 d - a potion of attraction {unknown}
 f - 2 potions of heal wounds {unknown}
 h - a potion of mutation {unknown}


   Skills:
 - Level 2.4 Dodging
 - Level 2.4 Stealth
 + Level 4.0 Spellcasting
 + Level 5.0 Conjurations


You had 9 spell levels left.
You knew the following spells:

 Your Spells              Type           Power      Damage    Failure   Level
a - Magic Dart            Conj           100%       1d8       1%          1

Your spell library contained the following spells:

 Spells                   Type           Power      Damage    Failure   Level
 Searing Ray              Conj           56%        2d6       1%          2
 Dazzling Flash           Conj/Hex       32%        N/A       11%         3
 Sublimation of Blood     Necr           4%         N/A       14%         2
 Fulminant Prism          Conj/Hex       8%         3d7       34%         4
 Iskenderun's Mystic Bla  Conj/Tloc      16%        2d5       34%         4
 Animate Dead             Necr           4%         N/A       67%         4
 Petrify                  Tmut/Erth      4%         N/A       67%         4
 Irradiate                Conj/Tmut      8%         3d14      67%         5
 Haunt                    Necr/Summ      2%         N/A       100%        7
 Infestation              Necr           2%         N/A       100%        8


Dungeon Overview and Level Annotations

Branches:
Dungeon (2/15) Zot: 10925

Altars:

Shops:
D:1 =

Annotations:
D:2 Terence


Message History

Aim: Terence, wielding a +2 falchion of holy wrath and wearing a +0 chain mail (lightly wounded, 100% to hit)
The magic dart hits Terence.
Terence is moderately wounded.
Terence hits you with a +2 falchion of holy wrath.
You take 5 damage, and have 14/19 hp.
MASSIVE DAMAGE!!
Casting: Magic Dart (safe; 1% risk of failure)
Confirm with . or Enter, or press ? or * to list all spells.
Aiming: Magic Dart (safe; 1% risk of failure)
Press: ? - help, Shift-Dir - straight line, f/p - Terence
Aim: Terence, wielding a +2 falchion of holy wrath and wearing a +0 chain mail (moderately wounded, 100% to hit)
The magic dart hits Terence.
Terence is heavily wounded.
Terence hits you with a +2 falchion of holy wrath!
Ouch! That really hurt!
* * * LOW HITPOINT WARNING * * *
You take 10 damage, and have 4/19 hp.
MASSIVE DAMAGE!!
You now have 1/10 mp.
Casting: Magic Dart (safe; 1% risk of failure)
Confirm with . or Enter, or press ? or * to list all spells.
Aiming: Magic Dart (safe; 1% risk of failure)
Press: ? - help, Shift-Dir - straight line, f/p - Terence
Aim: Terence, wielding a +2 falchion of holy wrath and wearing a +0 chain mail (heavily wounded, 100% to hit)
The magic dart hits Terence but does no damage.
Terence is heavily wounded.
Terence closely misses you.
You now have 0/10 mp.
Casting: Magic Dart (safe; 1% risk of failure)
Confirm with . or Enter, or press ? or * to list all spells.
You don't have enough magic to cast this spell.
Unknown command.
Press: ? - help, v - describe, . - travel
Here: Terence, wielding a +2 falchion of holy wrath and wearing a +0 chain mail (moderately wounded)
The floor.
Casting: Magic Dart (safe; 1% risk of failure)
Confirm with . or Enter, or press ? or * to list all spells.
You don't have enough magic to cast this spell.
Unknown command.
You hit Terence but do no damage.
Terence is moderately wounded.
Terence hits you with a +2 falchion of holy wrath.
You die...

#.###.#####.##...##
# #. #.# #.###.##
#. #.# #.# #.# #.
#.# #.# #.# #.# #.#
#.##### #.# #.#
#...... #.# #.#
#######
#.###.#####.# #
#..@@.......# #
.......######### #
####### # # #


You could see Terence.

Vanquished Creatures
  An adder (D:2)
  A dart slug (D:1)
  An endoplasm (D:1)
  A giant cockroach (D:1)
  3 goblins
  4 hobgoblins
  A quokka (D:1)
  2 frilled lizards
  2 kobolds (D:1)
  3 rats
19 creatures vanquished.

Notes
Turn   | Place    | Note
-------+----------+-------------------------------------------
     0 | D:1      | Psyclone the Deep Elf Conjurer began the quest for the Orb.
     0 | D:1      | Reached XP level 1. HP: 10/10 MP: 6/6
   225 | D:1      | Reached XP level 2. HP: 15/15 MP: 5/8
   302 | D:1      | Found a faded altar of an unknown god.
   309 | D:1      | Found Hitigroa's Jewellery Shoppe.
   862 | D:2      | Reached XP level 3. HP: 19/19 MP: 6/10
   869 | D:2      | Reached skill level 5 in Conjurations
  1062 | D:2      | Noticed Terence
  1074 | D:2      | Slain by Terence

Illustrated notes

Levels and vault maps discovered:
D:1:      dpeg_arrival_snail, layout_basic, serial_shops, shop,
          dreamdust_ecumenical_altar_grove, minmay_misc_feat_hallway
D:2:      layout_loops_ring, uniq_terence

Skill      XL: |  1  2  3 |
---------------+----------+-----
Spellcasting   | 4 |  4.0
Conjurations   | 5 |  5.0
Dodging        | |  2.4
Stealth        | |  2.4

Action                   || total
-------------------------++-------
Melee: Unarmed           ||     1
 Cast: Magic Dart        ||    51
Armor: Robe              ||     1
Dodge: Dodged            ||     4
